 Dungeon Crawl Stone Soup version 0.16.1-28-gcc2312f (webtiles) character file.

84037 Tesst the Devastator (level 15, -10/86 HPs)
             Began as a Deep Elf Air Elementalist on May 25, 2015.
             Was the Champion of Vehumet.
             Killed from afar by a deep elf conjurer (17 damage)
             ... with a bolt of fire
             ... on level 1 of the Elven Halls on May 28, 2015.
             The game lasted 05:09:04 (37503 turns).

Tesst the Devastator (Deep Elf Air Elementalist)   Turns: 37503, Time: 05:09:04

Health: -10/86     AC: 14    Str:  5    XL:     15   Next: 34%
Magic:  21/36      EV: 22    Int: 27    God:    Vehumet [******]
Gold:   1806       SH:  0    Dex: 19    Spells: 8 memorised, 3 levels left

rFire  . . .     SeeInvis .     C - staff of wizardry
rCold  + . .     Clarity  .     A - +0 robe of the Six Tales {rC+ Dex+4 Stlth-}
rNeg   . . .     SustAb   .     (no shield)
rPois  +         Gourm    .     d - +2 hat
rElec  .         Spirit   .     n - +1 cloak
rCorr  .         Warding  .     (no gloves)
rMut   .         Stasis   .     o - +1 pair of boots
MR     +....                    W - amulet of regeneration
Stlth  +.........               x - +6 ring of protection
                                v - ring of poison resistance

@: repel missiles, heavily drained, somewhat resistant to hostile enchantments,
very unstealthy
A: no striking features
a: Renounce Religion


You were on level 1 of the Elven Halls.
You worshipped Vehumet.
Vehumet was exalted by your worship.
You were not hungry.

You visited 4 branches of the dungeon, and saw 26 of its levels.
You also visited: Ice Cave and Volcano.

You collected 2798 gold pieces.
You spent 992 gold pieces at shops.

Inventory:

Armour
 d - a +2 hat (worn)
 n - a +1 cloak (worn)
 o - a +1 pair of boots (worn)
 A - the +0 robe of the Six Tales (worn) {rC+ Dex+4 Stlth-}
   (You found it on level 5 of the Dungeon)

   It affects your dexterity (+4).
   It protects you from cold.
   It makes you less stealthy.
 E - the +0 buckler of Complete Protection {rF+ rN+ MP-9 Str+3}
   (You acquired it on level 9 of the Dungeon)

   It affects your strength (+3).
   It protects you from fire.
   It protects you from negative energy.
   It affects your magic capacity (-9).
 I - the +2 helmet of Altruism {-Tele rElec rC+ rCorr}
   (You acquired it on level 8 of the Dungeon)

   It protects you from cold.
   It insulates you from electricity.
   It prevents most forms of teleportation.
   It protects you from acid and corrosion.
 O - a steam dragon hide
 X - a troll hide
 Y - a +2 robe of fire resistance
Magical staves
 C - an uncursed staff of wizardry (weapon)
 D - an uncursed staff of earth
Jewellery
 v - a ring of poison resistance (left hand)
 x - a +6 ring of protection (right hand)
 z - an uncursed ring of protection from cold
 S - an uncursed ring of flight
 W - an amulet of regeneration (around neck)
Magical devices
 j - a wand of cold (5)
 k - a wand of disintegration (0)
 y - a wand of fireball (3)
 B - a wand of lightning (0)
 R - a wand of teleportation (2)
 U - a wand of fire (0)
Scrolls
 a - 7 scrolls of teleportation
 f - 2 scrolls of enchant armour
 g - 3 scrolls of fog
 h - 13 scrolls of remove curse
 r - 3 scrolls of blinking
 u - 2 scrolls of recharging
 L - 6 scrolls of identify
 M - 2 scrolls of enchant weapon
 P - 2 scrolls of amnesia
 T - 5 scrolls of fear
Potions
 e - 8 potions of curing
 l - 3 potions of berserk rage
 p - 5 potions of haste
 q - 4 potions of agility
 s - 2 potions of invisibility
 w - 2 potions of brilliance
 F - 4 potions of resistance
 J - 4 potions of cancellation
 V - 2 potions of restore abilities
Books
 b - a book of Air

   Spells                             Type                      Level
   a - Shock                          Conjuration/Air              1
   b - Swiftness                      Charms/Air                   2
   c - Repel Missiles                 Charms/Air                   2
   d - Flight                         Charms/Air                   3
   e - Static Discharge               Conjuration/Air              3
   f - Lightning Bolt                 Conjuration/Air              5
 G - a book of Enchantments

   Spells                             Type                      Level
   a - Tukima's Dance                 Hexes                        3
   b - Cause Fear                     Hexes                        4
   c - Silence                        Hexes/Air                    5
   d - Deflect Missiles               Charms/Air                   6
   e - Haste                          Charms                       6
   f - Discord                        Hexes                        8
 H - a book of Debilitation

   Spells                             Type                      Level
   a - Corona                         Hexes                        1
   b - Slow                           Hexes                        2
   c - Inner Flame                    Hexes/Fire                   3
   d - Enslavement                    Hexes                        4
   e - Cause Fear                     Hexes                        4
   f - Leda's Liquefaction            Hexes/Earth                  4
 N - an Akashic Record {highlevel}

   This book is beyond your current level of understanding.

   Spells                             Type                      Level
   a - Dispersal                      Translocation                6
   b - Controlled Blink               Translocation                7
   c - Malign Gateway                 Summoning/Translocation      7
   d - Disjunction                    Translocation                8
   e - Singularity                    Translocation                9
Miscellaneous
 m - an ornate deck of wonders {the Alchemist}
Comestibles
 c - 8 bread rations
 t - 12 meat rations
 K - 3 royal jellies


   Skills:
 - Level 7.0(4.7) Fighting
 - Level 14.4(11.7) Dodging
 - Level 2.4(0.4) Stealth
 * Level 11.3(8.8) Spellcasting
 - Level 15.4(12.5) Conjurations
 - Level 7.2(4.9) Fire Magic
 - Level 14.8(12.1) Air Magic


You had 3 spell levels left.
You knew the following spells:

 Your Spells              Type           Power        Failure   Level  Hunger
a - Bolt of Fire          Conj/Fire      ######....   3%          6    ######.
b - Repel Missiles        Chrm/Air       #####.       1%          2    None
c - Lightning Bolt        Conj/Air       ######....   1%          5    ####...
d - Mephitic Cloud        Conj/Pois/Air  ######..     1%          3    None
e - Force Lance           Conj/Tloc      #####...     1%          4    #......
f - Shock                 Conj/Air       ####         1%          1    None
g - Freezing Cloud        Conj/Ice/Air   ######....   3%          6    ######.
h - Conjure Ball Lightni  Conj/Air       ######....   1%          6    ######.


Dungeon Overview and Level Annotations

Branches:
Dungeon (13/15)            Temple (0/1) D:6            Lair (8/8) D:10
 Shoals (0/5) Lair:4       Spider (0/5) Lair:4        Slime (0/6) Lair:6
    Orc (4/4) D:10            Elf (1/3) Orc:3
 Vaults: D:13-14

Altars:
Ashenzari
Cheibriados
Dithmenos
Makhleb
Nemelex Xobeh
Okawaru
Qazlal
Ru
Sif Muna
Trog
Vehumet
Xom
Yredelemnul
Zin
Beogh

Shops:
D:5 }   D:7 [   D:8 =::   D:11 ?   Orc:4 *!:([

Annotations:
D:13 Tesst's ghost, powerful DEAE


Message History

Aiming: Bolt of Fire
Press: ? - help, Shift-Dir - straight line, f/p - deep elf conjurer
Aim: a deep elf conjurer, wielding a short sword and wearing a leather armour The bolt of fire hits the deep elf conjurer.
You kill the deep elf conjurer!
Vehumet accepts your kill.
You feel your power returning.
The bolt of fire hits the deep elf conjurer.
The deep elf conjurer is severely wounded.
The bolt of fire hits the deep elf priest.
You kill the deep elf priest!
Vehumet accepts your kill.
You feel your power returning.
You are starving!
You don't have the energy to cast that spell.
You don't have the energy to cast that spell.
Eat which item? (? for menu, Esc to quit)
The deep elf conjurer gestures at you while chanting.
The bolt of fire hits you!
You die...

.......#.#.........##.#...#
....##..###........##.#...#.#
....##.#.#.........##.#...#.#
...................###.###.##
...##.##.#..[.....# # ..##
#.##.##.#..######... .#
#.......#....# .##
##.#........#.### .#
.#........)..e..@#
.............###.#
##[##.##.##.#...#.#
e..e........#...#...
#.###.##.##.#...#$### .#
##!#.##..###.## #
##..........# #.######### #.#


You could see a deep elf conjurer.

Vanquished Creatures
  An orc warlord (Orc:4)
  A dire elephant (Lair:8)
  6 hydras
  An ice dragon (Lair:7)
  A catoblepas (Lair:8)
  9 death yaks
  A centaur warrior (D:10)
  A deep troll shaman (Lair:8)
  2 orc high priests (Orc:4)
  A deep elf knight (Elf:1)
  A flayed ghost (D:10)
  3 ice devils (IceCv)
  2 unseen horrors
  Erolcha (D:11)
  2 deep elf summoners (Elf:1)
  2 ice statues (IceCv)
  3 orc knights
  Pikel (D:8)
  2 hill giants
  A deep elf conjurer (Elf:1)
  4 orc sorcerers (Orc:4)
  A cyclops (D:11)
  3 ugly things
  14 elephants
  A wolf spider (D:10)
  2 black mambas
  Maurice (D:12)
  2 gargoyles
  18 spiny frogs
  4 centaur skeletons
  8 fire drakes
  13 komodo dragons
  A kobold demonologist (D:11)
  3 trolls
  3 deep elf priests
  A red devil (Orc:4)
  Sonja (D:11)
  A jumping spider (Elf:1)
  3 polar bears
  2 slime creatures (Lair:6)
  7 blue devils (IceCv)
  24 blink frogs
  5 basilisks
  7 trapdoor spiders
  33 yaks
  5 deep elf magi
  A hog (Volcano)
  3 wyverns
  Grum (D:12)
  6 deep elf fighters
  A steam dragon (D:9)
  A mottled dragon (D:12)
  23 wolves
  8 hippogriffs
  5 wargs
  3 hungry ghosts
  13 porcupines
  15 water moccasins
  10 ogres
  2 phantoms
  An eye of draining (D:12)
  3 wasps
  16 ice beasts
  28 orc warriors
  A sky beast (D:9)
  3 black bears
  10 centaurs
  19 crocodiles
  2 boring beetles
  A big kobold (D:11)
  20 giant frogs
  8 scorpions
  A quasit (D:9)
  An electric eel (Lair:3)
  7 crimson imps
  6 hounds
  2 centaur zombies
  7 jellies
  15 orc priests
  4 goliath beetles
  4 iguanas
  16 orc wizards
  A giant frog skeleton (D:7)
  8 worker ants
  42 sheep
  Jessica (D:2)
  A killer bee zombie (D:9)
  A hound zombie (D:10)
  Terence (D:2)
  A hound skeleton (D:9)
  5 worker ant zombies
  Robin (D:3)
  18 adders
  4 gnolls (D:5)
  72 river rats
  A giant mite (D:7)
  3 shadow imps
  8 white imps (IceCv)
  4 worms
  6 ufetubi (IceCv)
  An adder zombie (D:9)
  2 adder skeletons (D:4)
  6 giant geckos
  9 oozes
  135 orcs
  2 bat skeletons (D:4)
  6 giant cockroaches
  23 goblins
  18 hobgoblins
  15 jackals
  23 kobolds
  16 quokkas
  3 ball pythons
  11 bats
  7 giant newts
  A giant spore (D:9)
  A quokka zombie (D:7)
  31 rats
  7 ballistomycetes (D:9)
  6 fungi
  4 plants
981 creatures vanquished.

Vanquished Creatures (others)
  3 ball lightnings (Lair:8)
  A centaur (Volcano)
  An ice beast (IceCv)
  A crimson imp (D:8)
  An adder (Lair:7)
  A white imp (IceCv)
  2 ufetubi (IceCv)
  An adder zombie (D:9)
  2 orcs
  A giant spore (D:9)
  9 fungi
  5 plants
28 creatures vanquished.

Grand Total: 1009 creatures vanquished

Notes
Turn   | Place    | Note
--------------------------------------------------------------
     0 | D:1      | Tesst, the Deep Elf Air Elementalist, began the quest for the Orb.
     0 | D:1      | Reached XP level 1. HP: 10/10 MP: 5/5
   288 | D:1      | Reached XP level 2. HP: 13/15 MP: 0/8
   325 | D:1      | Learned a level 2 spell: Repel Missiles
  1005 | D:2      | Reached XP level 3. HP: 19/19 MP: 5/10
  1106 | D:2      | Found a basalt altar of Yredelemnul.
  1416 | D:2      | Reached skill level 4 in Dodging
  1450 | D:2      | Noticed Terence
  1482 | D:2      | Killed Terence
  1482 | D:2      | Reached XP level 4. HP: 15/24 MP: 0/13
  1955 | D:2      | Noticed Jessica
  1998 | D:2      | Killed Jessica
  2148 | D:3      | Found a radiant altar of Vehumet.
  2148 | D:3      | Found a burning altar of Makhleb.
  2150 | D:3      | Reached XP level 5. HP: 19/28 MP: 13/16
  2252 | D:3      | Became a worshipper of Vehumet
  2563 | D:3      | Noticed Robin
  2576 | D:3      | Killed Robin
  2768 | D:3      | Acquired Vehumet's first power
  2768 | D:3      | Offered knowledge of Sting by Vehumet.
  2781 | D:3      | Noticed an ogre
  2781 | D:3      | Noticed an ogre
  3322 | D:4      | Reached skill level 5 in Conjurations
  3414 | D:4      | Noticed a phantom
  3431 | D:4      | Killed a phantom
  3431 | D:4      | Reached XP level 6. HP: 18/32 MP: 7/18
  3687 | D:4      | Reached skill level 5 in Dodging
  3901 | D:4      | Reached skill level 6 in Conjurations
  3989 | D:4      | Noticed an ogre
  4010 | D:4      | Killed an ogre
  4119 | D:4      | Reached XP level 7. HP: 36/36 MP: 15/20
  4142 | D:4      | Found a sacrificial altar of Ru.
  4367 | D:5      | Entered Level 5 of the Dungeon
  4539 | D:5      | Found Migad's Gadget Emporium.
  4617 | D:5      | Got a slimy robe
  4627 | D:5      | Reached skill level 7 in Conjurations
  4751 | D:5      | Identified the +0 robe of the Six Tales {rC+ Dex+4 Stlth-} (You found it on level 5 of the Dungeon)
  4868 | D:5      | Found a shimmering altar of Xom.
  5624 | D:5      | Learned a level 5 spell: Lightning Bolt
  5738 | D:6      | Offered knowledge of Freeze by Vehumet.
  6043 | D:6      | Found a snail-covered altar of Cheibriados.
  6160 | D:6      | Found a staircase to the Ecumenical Temple.
  6191 | D:6      | Found a stormy altar of Qazlal.
  6455 | D:7      | Found Mullun's Antique Armour Boutique.
  6463 | D:7      | Reached skill level 8 in Conjurations
  6463 | D:7      | Reached XP level 8. HP: 41/41 MP: 15/23
  6489 | D:7      | Bought a runed robe for 21 gold pieces
  6489 | D:7      | Bought a smoking chain mail for 285 gold pieces
  6532 | D:7      | Reached skill level 5 in Spellcasting
  6805 | D:7      | Offered knowledge of Mephitic Cloud by Vehumet.
  6810 | D:7      | Learned a level 3 spell: Mephitic Cloud
  6883 | D:7      | Found a flagged portal.
  6942 | D:7      | Found a shattered altar of Ashenzari.
  7326 | D:7      | Identified the -8 chain mail of Urierch {-Tele rF+ Int+4 Stlth+} (You bought it in a shop on level 7 of the Dungeon)
  7368 | D:8      | Noticed Pikel
  7370 | D:8      | Killed Pikel
  7370 | D:8      | Reached skill level 9 in Spellcasting
  7370 | D:8      | Reached XP level 9. HP: 45/45 MP: 19/29
  7397 | D:8      | Acquired Vehumet's second power
  7425 | D:8      | Reached skill level 10 in Spellcasting
  7572 | D:8      | Found a sparkling altar of Nemelex Xobeh.
  7773 | D:8      | Reached skill level 5 in Air Magic
  7930 | D:8      | Reached skill level 11 in Spellcasting
  7988 | D:8      | Found a shadowy altar of Dithmenos.
  7991 | D:8      | Reached skill level 1 in Fighting
  8059 | D:8      | Identified a scroll of acquirement
  8062 | D:8      | Got a faintly humming helmet
  8074 | D:8      | Identified the +2 helmet of Altruism {-Tele rElec rC+ rCorr} (You acquired it on level 8 of the Dungeon)
  8107 | D:8      | Found Waachaeg's Book Shoppe.
  8172 | D:8      | Found Beixeh's Book Emporium.
  8195 | D:8      | Found an iron altar of Okawaru.
  8287 | D:8      | Offered knowledge of Force Lance by Vehumet.
  8338 | D:8      | Learned a level 4 spell: Force Lance
  8427 | D:8      | Found Buxodif's Jewellery Emporium.
  8464 | D:8      | Found a deep blue altar of Sif Muna.
  9501 | D:9      | Noticed a hill giant
  9503 | D:9      | Killed a hill giant
  9503 | D:9      | Reached XP level 10. HP: 53/57 MP: 9/32
  9675 | D:9      | Acquired Vehumet's third power
  9747 | D:9      | Offered knowledge of Airstrike by Vehumet.
  9792 | D:9      | Reached skill level 5 in Fighting
 10108 | D:9      | Got a polished buckler
 10114 | D:9      | Identified the +0 buckler of Complete Protection {rF+ rN+ MP-9 Str+3} (You acquired it on level 9 of the Dungeon)
 10395 | D:9      | Killed an unseen horror
 10893 | D:10     | Entered Level 10 of the Dungeon
 10978 | D:10     | Learned a level 4 spell: Airstrike
 11040 | D:10     | Noticed a centaur warrior
 11046 | D:10     | Killed a centaur warrior
 11062 | D:10     | Found a large runed door.
 11062 | D:10     | Found a large runed door.
 11062 | D:10     | Noticed a hill giant
 11443 | D:10     | Found a staircase to the Lair.
 11483 | D:10     | Killed a hill giant
 11489 | D:10     | Noticed a wolf spider
 11490 | D:10     | Killed a wolf spider
 11506 | D:10     | Reached XP level 11. HP: 66/66 MP: 9/33
 11777 | D:10     | Killed an unseen horror
 11863 | D:10     | Noticed a flayed ghost
 11866 | D:10     | Killed a flayed ghost
 11974 | D:10     | Found a bloodstained altar of Trog.
 11977 | D:10     | Found a glowing silver altar of Zin.
 12063 | D:10     | Found an iron altar of Okawaru.
 12416 | D:10     | Found a staircase to the Orcish Mines.
 12971 | D:11     | Noticed Sonja
 12983 | D:11     | Killed Sonja
 13163 | D:11     | Noticed Erolcha
 13164 | D:11     | Killed Erolcha
 13361 | D:11     | Offered knowledge of Freezing Cloud by Vehumet.
 13369 | D:11     | Learned a level 6 spell: Freezing Cloud
 13389 | D:11     | Reached skill level 10 in Dodging
 13633 | D:11     | Found Yvvyhaoh's Magic Scroll Boutique.
 13639 | D:11     | Bought a scroll of fear for 45 gold pieces
 13639 | D:11     | Bought a scroll of identify for 26 gold pieces
 13639 | D:11     | Bought a scroll of identify for 26 gold pieces
 14232 | D:12     | Reached skill level 10 in Air Magic
 14249 | D:12     | Reached skill level 10 in Conjurations
 14804 | D:12     | Reached XP level 12. HP: 52/72 MP: 16/34
 14989 | D:12     | Noticed Maurice
 15160 | D:12     | Killed Maurice
 15282 | D:12     | Noticed Grum
 15286 | D:12     | Killed Grum
 15739 | D:13     | Noticed Tesst's ghost (powerful DEAE)
 15758 | D:13     | Noticed a centaur warrior
 15765 | D:13     | Noticed Tesst's ghost (powerful DEAE)
 16000 | D:13     | Noticed a centaur warrior
 16190 | Lair:1   | Entered Level 1 of the Lair of Beasts
 17217 | Lair:2   | Found a dark tunnel.
 17232 | Volcano  | Entered a volcano
 18640 | Lair:3   | Noticed a six-headed hydra
 18641 | Lair:3   | Killed a six-headed hydra
 19295 | Lair:3   | Reached skill level 12 in Conjurations
 20043 | Lair:3   | Offered knowledge of Conjure Ball Lightning by Vehumet.
 20261 | Lair:3   | Noticed an eight-headed hydra
 20559 | Lair:3   | Killed an eight-headed hydra
 20559 | Lair:3   | Reached XP level 13. HP: 76/76 MP: 15/35
 20943 | Lair:3   | Learned a level 6 spell: Conjure Ball Lightning
 21387 | Lair:4   | Found a hole to the Spider Nest.
 21579 | Lair:4   | Got a jewelled buckler
 21585 | Lair:4   | Identified the cursed -2 buckler of Light {Int+3} (You found it on level 4 of the Lair of Beasts)
 22077 | Lair:4   | Found a staircase to the Shoals.
 23263 | Lair:5   | Offered knowledge of Venom Bolt by Vehumet.
 23263 | Lair:5   | Reached skill level 13 in Conjurations
 24218 | Lair:6   | Found a staircase to the Slime Pits.
 24290 | Lair:6   | HP: 3/76 [death yak (25)]
 25425 | Lair:7   | Found a frozen archway.
 25448 | IceCv    | Entered an ice cave
 25576 | IceCv    | Reached skill level 14 in Conjurations
 25596 | IceCv    | Reached XP level 14. HP: 82/82 MP: 3/36
 28506 | Lair:7   | Offered knowledge of Irradiate by Vehumet.
 29459 | Lair:8   | Entered Level 8 of the Lair of Beasts
 31096 | Lair:8   | Reached skill level 15 in Conjurations
 32479 | Lair:8   | Got a jewelled chain mail
 32481 | Lair:8   | Identified the +3 chain mail of Imitt {rElec} (You found it on level 8 of the Lair of Beasts)
 32709 | Lair:5   | Offered knowledge of Bolt of Fire by Vehumet.
 32783 | Lair:5   | Learned a level 6 spell: Bolt of Fire
 33090 | Orc:1    | Entered Level 1 of the Orcish Mines
 33391 | Orc:1    | Learned a level 1 spell: Shock
 33502 | Orc:1    | Reached XP level 15. HP: 86/86 MP: 27/36
 33723 | Orc:1    | Reached skill level 1 in Fire Magic
 34349 | Orc:2    | Found a roughly hewn altar of Beogh.
 34801 | Orc:3    | Found a staircase to the Elven Halls.
 35001 | Orc:3    | Offered knowledge of Ozocubu's Refrigeration by Vehumet.
 35033 | Orc:3    | Found a roughly hewn altar of Beogh.
 35579 | Orc:4    | Entered Level 4 of the Orcish Mines
 36157 | Orc:4    | Reached skill level 5 in Fire Magic
 36421 | Orc:4    | Found Atubiast's Book Emporium.
 36439 | Orc:4    | Found Pitomn's General Store.
 36477 | Orc:4    | Bought 2 potions of curing for 96 gold pieces
 36566 | Orc:4    | Found Bleas Elozez's Antique Armour Emporium.
 36567 | Orc:4    | Found Troi's Distillery.
 36571 | Orc:4    | Bought a potion of curing for 42 gold pieces
 36571 | Orc:4    | Bought 2 potions of haste for 280 gold pieces
 36583 | Orc:4    | Bought a runed cloak for 148 gold pieces
 36583 | Orc:4    | Bought an embroidered robe for 23 gold pieces
 36682 | Orc:4    | Offered knowledge of Delayed Fireball by Vehumet.
 36859 | Orc:4    | Found Skat's Antique Weapon Emporium.
 37070 | Elf:1    | Entered Level 1 of the Elven Halls
 37496 | Elf:1    | HP: 1/86 [deep elf conjurer/bolt of fire (21)]
 37503 | Elf:1    | Killed from afar by a deep elf conjurer

Action                   |  1- 3 |  4- 6 |  7- 9 | 10-12 | 13-15 || total
-------------------------+-------+-------+-------+-------+-------++-------
Melee: Unarmed           |    13 |     6 |       |       |       ||    19
       Staff             |       |       |     8 |   165 |   410 ||   583
 Cast: Shock             |    96 |   186 |   302 |   435 |   297 ||  1316
       Repel Missiles    |     1 |       |       |     1 |       ||     2
       Lightning Bolt    |       |       |    30 |   254 |   573 ||   857
       Mephitic Cloud    |       |       |       |     2 |       ||     2
       Bolt of Fire      |       |       |       |       |    45 ||    45
       Force Lance       |       |       |       |       |     5 ||     5
       Airstrike         |       |       |       |       |     1 ||     1
       Conjure Ball Ligh |       |       |       |       |     1 ||     1
Evoke: Wand              |       |       |     9 |     8 |    24 ||    41
  Use: Scroll            |     2 |     1 |    21 |    10 |    21 ||    55
       Potion            |       |       |       |     2 |     7 ||     9
  Eat: Chunk             |     2 |     5 |    15 |    35 |    85 ||   142
       Bread ration      |       |     1 |     1 |     1 |     4 ||     7
       Beef jerky        |       |       |     2 |     7 |     2 ||    11
       Royal jelly       |       |       |       |     5 |     3 ||     8
       Meat ration       |       |       |       |     1 |     5 ||     6
       Pizza             |       |       |       |     1 |       ||     1
       Fruit             |       |       |       |       |     2 ||     2
